 Dungeon Crawl Stone Soup version 0.22-a0-136-g83a10e5 (webtiles) character file.

58 kuniqs the Caller (level 3, -1/19 HPs)
             Began as a Deep Elf Summoner on Feb 2, 2018.
             Slain by a frilled lizard (2 damage)
             ... on level 4 of the Dungeon.
             The game lasted 00:05:04 (1763 turns).

kuniqs the Caller (Deep Elf Summoner)               Turns: 1763, Time: 00:05:05

Health: -1/19      AC:  3    Str:  5    XL:     3   Next: 75%
Magic:  1/10       EV: 13    Int: 20    God:
Gold:   207        SH:  0    Dex: 15    Spells: 4/10 levels left

rFire    . . .     SeeInvis .   d - +0 whip {!a}
rCold    . . .     Gourm    .   (no shield)
rNeg     . . .     Faith    .   a - +0 robe
rPois    .         Spirit   .   (no helmet)
rElec    .         Reflect  .   (no cloak)
rCorr    .         Harm     .   (no gloves)
MR       .....                  m - +0 pair of boots
Stlth    +++.......             (no amulet)
HPRegen  0.06/turn              i - ring of stealth
MPRegen  0.12/turn              (no ring)

@: no status effects
A: no striking features
a: no special abilities


You were on level 4 of the Dungeon.
You were hungry.

You visited 1 branch of the dungeon, and saw 4 of its levels.

You collected 207 gold pieces.

Inventory:

Hand Weapons
 d - a +0 whip (weapon) {!a}
Armour
 a - a +0 robe (worn)
 m - a +0 pair of boots (worn)
Jewellery
 i - a ring of stealth (left hand)
Scrolls
 e - 3 scrolls of teleportation {unknown}
 g - 3 scrolls of identify {unknown}
 h - 2 scrolls of fear {unknown}
 k - a scroll of noise {unknown}
 l - a scroll of amnesia {unknown}
Potions
 j - a potion of heal wounds {unknown}
 n - a potion of resistance {unknown}
 o - a potion of curing {unknown}
Books
 b - a book of Callings

   Spells                             Type                      Level
   a - Summon Small Mammal            Summoning                    1
   b - Call Imp                       Summoning                    2
   c - Call Canine Familiar           Summoning                    3
   d - Summon Guardian Golem          Hexes/Summoning              3
   e - Summon Lightning Spire         Summoning/Air                4
   f - Summon Ice Beast               Ice/Summoning                4
Comestibles
 c - 4 rations
 f - 5 chunks of flesh


   Skills:
 - Level 2.4 Dodging
 - Level 2.4 Stealth
 + Level 4.1 Spellcasting
 * Level 5.5 Summonings


You had 4 spell levels left.
You knew the following spells:

 Your Spells              Type           Power        Failure   Level  Hunger
a - Summon Small Mammal   Summ           ####         1%          1    None
b - Call Imp              Summ           ####....     1%          2    #......
c - Call Canine Familiar  Summ           ####....     3%          3    ###....


Dungeon Overview and Level Annotations

Branches:
Dungeon (4/15)
 Temple: D:4-7

Altars:


Message History

Okay, then.
Unknown command.
Your quokka misses the frilled lizard. The frilled lizard bites you.
* * * LOW HITPOINT WARNING * * *
Your quokka misses the frilled lizard. What are your orders? t - Shout!
Orders for allies: a - Attack new target. r - Retreat! s - Stop attacking. g - Guard the area. f - Follow me.
Anything else - Cancel.
Gang up on whom?
Aim: a frilled lizard Attack!
Your quokka barely misses the frilled lizard.
The frilled lizard barely misses you.
Your quokka barely misses the frilled lizard.
You swap places.
Your quokka misses the frilled lizard. The frilled lizard bites you.
You die...

..... ....#
.... #..# #..#
#..#
######.#######
#.lr..........
##5@..........
##########...
#


You could see a frilled lizard, a friendly crimson imp and a friendly quokka.

Vanquished Creatures (collateral kills)
  An orc wizard (D:3)
  An adder (D:2)
  3 worms
  A dart slug (D:1)
  A leopard gecko (D:3)
  An orc (D:3)
  3 ball pythons (D:1)
  8 giant cockroaches
  3 goblins (D:1)
  3 hobgoblins
  3 jackals (D:2)
  2 quokkas (D:2)
  3 bats
  A frilled lizard (D:1)
  5 kobolds (D:1)
  10 rats
49 creatures vanquished.

Notes
Turn   | Place    | Note
-------+----------+-------------------------------------------
     0 | D:1      | kuniqs the Deep Elf Summoner began the quest for the Orb.
     0 | D:1      | Reached XP level 1. HP: 10/10 MP: 6/6
   157 | D:1      | Reached XP level 2. HP: 15/15 MP: 5/8
   161 | D:1      | Learned a level 2 spell: Call Imp
  1083 | D:2      | Reached skill level 5 in Summonings
  1250 | D:2      | Found a faded altar of an unknown god.
  1301 | D:2      | Reached XP level 3. HP: 19/19 MP: 7/10
  1306 | D:2      | Learned a level 3 spell: Call Canine Familiar
  1763 | D:4      | Slain by a frilled lizard

Vault maps used:
D:1:      lemuel_arrival_hallway, minmay_bisected
D:2:      chequers_ecumenical_altar_island
D:3:      trog_butcher_becter
D:4:      uniq_pikel, uniq_duvessa

Skill      XL: |  1  2  3 |
---------------+----------+-----
Summonings     | 5 |  5.5
Spellcasting   | 4 |  4.1
Dodging        | |  2.4
Stealth        | |  2.4

Action                   || total
-------------------------++-------
 Cast: Summon Small Mamm ||    10
       Call Imp          ||    29
       Call Canine Famil ||     8
  Eat: Chunk             ||     3
Armor: Robe              ||     8
Dodge: Dodged            ||    24

Table legend:
 A = Spawn XP
 B = Non-spawn XP
 C = Spawn XP percentage of total XP
 D = Spawn monster count
 E = Non-spawn monster count
 F = Spawn count percentage of total count
 G = Total turns spent on level
                    A         B        C        D         E        F      G
               +---------+---------+-------+---------+---------+-------+---------
         Total |       0 |      83 |   0.0 |       0 |      49 |   0.0 |  1763
               +---------+---------+-------+---------+---------+-------+---------
           D:1 |       0 |      22 |   0.0 |       0 |      21 |   0.0 |  1045
           D:2 |       0 |      28 |   0.0 |       0 |      18 |   0.0 |   515
           D:3 |       0 |      32 |   0.0 |       0 |       9 |   0.0 |   188
           D:4 |       0 |       1 |   0.0 |       0 |       1 |   0.0 |    15
               +---------+---------+-------+---------+---------+-------+---------
